Map: Frost LE

Players

Nickos

  • Race: Terran Terran
  • League: Gold

glhf - Winner!

  • Race: Protoss Protoss
  • League: Diamond

VOD

Have the link to the VOD?

Description

Time

  • Played on: Sept. 15, 2016, 8:08 a.m.
  • Length: 8:52
Show
View Real Time Build Order
Export as new Build Order

Nickos Terran 

Build Orders: Reaper Expand, MMM Bio 

Get SALT Encoding   

  12  0:00  SCV  
  13  0:13  SCV  
  14  0:17  Supply Depot  
  14  0:25  SCV  
  15  0:39  Barracks, SCV  
  16  0:44  Refinery  
  16  0:51  SCV  
  17  1:03  SCV  
  18  1:15  SCV  
  19  1:28  Reaper  
  19  1:29  Orbital Command  
  20  1:44  Command Center  
  20  1:57  Supply Depot  
  20  2:06  Barracks, Marine  
  21  2:11  SCV  
  22  2:17  Refinery  
  22  2:28  Factory  
  22  2:32  SCV  
  22  2:35  Barracks Reactor  
  23  2:44  SCV  
  24  2:55  Barracks Tech Lab  
  24  2:56  SCV  
  24  2:58  Orbital Command  
  25  3:09  SCV  
  26  3:13  Marine x2  
  26  3:14  Factory Reactor  
  26  3:16  Marine  
  28  3:32  Marine x2  
  28  3:49  Marine  
  28  3:50  Marine x2  
  29  3:58  Widow Mine x2  
  29  4:02  SCV x2  
  33  4:03  Starport  
  33  4:07  Marine x2  
  35  4:14  SCV x2  
  35  4:16  Stimpack  
  37  4:23  Supply Depot  
  37  4:26  SCV  
  37  4:27  Marine x3, SCV  
  37  4:28  Barracks  
  37  4:29  Barracks  
  42  4:38  SCV  
  43  4:39  SCV  
  44  4:47  Marine x3  
  44  4:50  SCV  
  44  4:51  SCV  
  48  5:02  SCV  
  48  5:03  Supply Depot, SCV  
  48  5:04  Engineering Bay  
  50  5:13  Engineering Bay  
  50  5:14  SCV  
  50  5:15  SCV  
  50  5:17  Barracks Reactor x2  
  50  5:19  Factory Tech Lab  
  52  5:21  Medivac  
  52  5:24  Marine  
  52  5:26  SCV  
  52  5:27  Marine  
  53  5:37  Marine  
  53  5:42  Marine  
  52  5:44  Marine  
  52  5:48  Medivac  
  48  5:55  Marine  
  45  6:00  Terran Infantry Weapons Level 1, Marine  
  45  6:01  Terran Infantry Armor Level 1  
  45  6:02  Marine  
  45  6:03  Marine  
  48  6:11  Siege Tank  
  48  6:12  Marine x2  
  48  6:17  Combat Shields  
  48  6:18  Marine  
  51  6:19  SCV x2  
  51  6:24  Marine  
  51  6:25  Marine  
  54  6:31  SCV x2  
  54  6:32  Marine  
  58  6:40  Supply Depot  
  58  6:43  SCV  
  58  6:46  SCV  
  60  6:55  SCV  
  60  6:58  SCV  
  62  7:02  Supply Depot  
  62  7:05  Marine x2  
  62  7:06  Marine x2  
  65  7:11  Marine  
  65  7:12  Marine  
  65  7:13  Marauder  
  69  7:19  SCV  
  70  7:24  SCV  
  70  7:26  Supply Depot  
  71  7:32  SCV  
  71  7:36  SCV  
  73  7:44  SCV  
  74  7:48  SCV  
  74  7:49  Marine  
  74  7:50  Command Center  
  76  7:56  SCV  
  77  8:00  SCV  
  77  8:03  Marine x4  
  77  8:04  Marine x2  
  84  8:09  SCV  
  83  8:13  Marine  
  83  8:16  Bunker  
  82  8:21  Marine x5  
  82  8:22  Marine  
  76  8:31  Marine  
Show
View Real Time Build Order
Export as new Build Order

glhf Protoss - Winner!

Build Orders: 1 Gate Expand 

Get SALT Encoding   

  12  0:01  Probe (Chrono Boost)  
  13  0:11  Probe (Chrono Boost)  
  14  0:18  Pylon  
  14  0:22  Probe (Chrono Boost)  
  15  0:37  Probe (Chrono Boost)  
  15  0:39  Gateway  
  16  0:47  Probe (Chrono Boost)  
  16  0:48  Assimilator  
  17  0:58  Probe (Chrono Boost)  
  18  1:08  Probe (Chrono Boost)  
  19  1:25  Nexus  
  19  1:35  Cybernetics Core  
  19  1:38  Probe (Chrono Boost)  
  20  1:46  Pylon  
  20  1:49  Probe (Chrono Boost)  
  21  1:56  Assimilator  
  21  2:00  Probe (Chrono Boost)  
  22  2:10  Probe (Chrono Boost)  
  22  2:12  Adept  
  22  2:14  Warp Gate  
  25  2:23  Mothership Core (Chrono Boost)  
  28  2:37  Probe (Chrono Boost)  
  28  2:40  Adept  
  28  2:42  Probe (Chrono Boost)  
  31  2:48  Probe (Chrono Boost)  
  32  2:52  Probe (Chrono Boost)  
  32  2:55  Robotics Facility  
  33  2:58  Probe (Chrono Boost)  
  33  3:03  Probe (Chrono Boost)  
  35  3:07  Gateway  
  35  3:12  Probe (Chrono Boost)  
  36  3:13  Probe (Chrono Boost)  
  37  3:26  Probe x2 (Chrono Boost)  
  39  3:35  Pylon  
  39  3:37  Probe x2 (Chrono Boost)  
  41  3:55  Probe x2 (Chrono Boost)  
  41  4:00  Warp Prism  
  43  4:05  Probe x2 (Chrono Boost)  
  45  4:16  Probe (Chrono Boost)  
  46  4:18  Assimilator  
  46  4:20  Assimilator  
  46  4:22  Pylon  
  46  4:24  Pylon  
  46  4:27  Gateway, Adept x2  
  46  4:28  Gateway  
  46  4:30  Twilight Council  
  50  4:35  Pylon  
  50  4:37  Probe x2 (Chrono Boost), Observer  
  53  4:47  Probe (Chrono Boost)  
  54  4:55  Probe (Chrono Boost)  
  54  4:58  Probe (Chrono Boost)  
  56  5:06  Probe (Chrono Boost), Adept  
  59  5:08  Nexus, Resonating Glaives  
  59  5:09  Pylon  
  59  5:16  Forge  
  59  5:18  Gateway  
  59  5:21  Gateway  
  59  5:24  Observer  
  60  5:31  Probe x2 (Chrono Boost)  
  62  5:42  Probe x2 (Chrono Boost)  
  64  5:47  Adept x4  
  62  6:08  Probe (Chrono Boost)  
  62  6:09  Probe (Chrono Boost)  
  64  6:19  Probe x2 (Chrono Boost)  
  64  6:23  Pylon  
  66  6:27  Observer  
  66  6:31  Gateway  
  67  6:33  Gateway, Robotics Bay  
  67  6:38  Protoss Ground Weapons Level 1  
  67  6:39  Gateway  
  67  6:41  Probe x3 (Chrono Boost)  
  67  6:43  Pylon  
  67  6:46  Assimilator, Immortal  
  70  6:49  Assimilator  
  66  7:09  Adept x6  
  78  7:20  Stargate  
  78  7:21  Stargate  
  78  7:22  Probe (Chrono Boost)  
  81  7:24  Probe x2 (Chrono Boost)  
  81  7:31  Colossus, Stalker x6  
  81  7:33  Probe (Chrono Boost)  
  81  7:36  Probe (Chrono Boost)  
  101  7:50  Probe (Chrono Boost)  
  104  7:52  Probe x2 (Chrono Boost)  
  104  8:01  Photon Cannon  
  104  8:04  Probe (Chrono Boost)  
  104  8:21  Adept x4  
  104  8:22  Adept x2  
  114  8:44  Pylon  
  114  8:45  Pylon  
  114  8:48  Pylon  
  114  8:49  Pylon  
Tags
 
Add a new tag
Caveats
  • Supply blocks, unpowered buildings, or Contaminate may cause inaccurate times.
  • Supply counts are checked every 10 seconds.